 Dungeon Crawl Stone Soup version 0.27-a0-419-g7a85846853 (webtiles) character file.

Game seed: 13497954007013431912

153 Chiseanne the Skirmisher (level 5, -4/41 HPs)
             Began as a Demonspawn Wanderer on Feb 26, 2021.
             Slain by an ogre
             ... wielding a +0 giant club
              (26 damage)
             ... on level 4 of the Dungeon.
             The game lasted 00:03:38 (3166 turns).

Chiseanne the Skirmisher (Demonspawn Wanderer)      Turns: 3166, Time: 00:03:39

Health: -4/41      AC:  7    Str: 11    XL:     5   Next: 12%
Magic:  8/8        EV:  9    Int: 16    God:
Gold:   126        SH:  4    Dex: 12    Spells: 8/8 levels left

rFire    . . .     SeeInvis .   a - +2 dagger
rCold    . . .     Faith    .   (no shield)
rNeg     . . .     Spirit   .   k - +0 scale mail
rPois    .         Reflect  .   (no helmet)
rElec    .         Harm     .   (no cloak)
rCorr    .         Rampage  .   h - +0 pair of gloves
Will     .....                  (no boots)
Stlth    ..........             (no amulet)
HPRegen  0.13/turn              (no ring)
MPRegen  0.11/turn              (no ring)

@: no status effects
A: large bone plates 1, foul stench 1
a: no special abilities


You were on level 4 of the Dungeon.
You visited 1 branch of the dungeon, and saw 4 of its levels.

You collected 126 gold pieces.

Inventory:

Hand Weapons
 a - a +2 dagger (weapon)
 i - a +0 mace
Missiles
 g - 101 stones
 r - 3 poisoned darts (quivered)
Armour
 h - a +0 pair of gloves (worn)
 k - a +0 scale mail (worn)
Jewellery
 b - a +4 ring of evasion
 p - an amulet of faith
 t - a ring of ice
Scrolls
 c - a scroll of enchant armour {unknown}
 d - a scroll of teleportation
 e - 5 scrolls of identify {unknown}
 f - a scroll of fog {unknown}
 q - a scroll of enchant weapon {unknown}
 s - a scroll of magic mapping {unknown}


   Skills:
 * Level 3.1 Fighting
 - Level 1.0 Crossbows
 * Level 2.3 Armour
 * Level 2.5 Dodging
 - Level 1.7 Stealth
 - Level 2.0 Spellcasting
 - Level 2.0 Summonings
 - Level 1.0 Fire Magic


You had 8 spell levels left.
You didn't know any spells.
Your spell library contained the following spells:

 Spells                   Type           Power        Failure   Level
 Passwall                 Tmut/Erth      0%           87%         2
 Wereblood                Tmut           1%           87%         2


Dungeon Overview and Level Annotations

Branches:
Dungeon (4/15)
 Temple: D:4-7

Altars:

Annotations:
D:3 Natasha


Innate Abilities, Weirdness & Mutations

You are partially covered in large bone plates. (SH +4)
You may rarely emit foul miasma when damaged in melee.


Message History

Throw: 8 darts (poison)
Press: ? - help, Q - select action, (/) - cycle Shift-Dir - straight line, f - ogre
Aim: an ogre, wielding a +0 giant club (wandering, hasn't noticed you, 73% to hit)
You throw a poisoned dart. The poisoned dart hits the ogre.
The ogre is poisoned.
The ogre shouts!
Throw: 7 darts (poison)
Press: ? - help, Q - select action, (/) - cycle Shift-Dir - straight line, f/p - ogre
Aim: an ogre, wielding a +0 giant club (lightly wounded, poisoned, 72% to hit)
You throw a poisoned dart. The poisoned dart hits the ogre.
The ogre looks even sicker.
The ogre is lightly wounded.
Throw: 6 darts (poison)
Press: ? - help, Q - select action, (/) - cycle Shift-Dir - straight line, f/p - ogre
Aim: an ogre, wielding a +0 giant club (lightly wounded, very poisoned, 73% to hit)
You throw a poisoned dart.
The poisoned dart barely misses the ogre.
Throw: 5 darts (poison)
Press: ? - help, Q - select action, (/) - cycle Shift-Dir - straight line, f/p - ogre
Aim: an ogre, wielding a +0 giant club (lightly wounded, very poisoned, 72% to hit)
You throw a poisoned dart. The poisoned dart hits the ogre.
The ogre is lightly wounded.
Throw: 4 darts (poison)
Press: ? - help, Q - select action, (/) - cycle Shift-Dir - straight line, f/p - ogre
Aim: an ogre, wielding a +0 giant club (lightly wounded, very poisoned, 73% to hit)
You throw a poisoned dart.
The poisoned dart completely misses the ogre.
You hit the ogre.
The ogre is moderately wounded.
The ogre barely misses you.
You barely miss the ogre.
The ogre is moderately wounded.
You barely miss the ogre.
The ogre is heavily wounded.
The ogre hits you with a +0 giant club!
You hit the ogre.
The ogre is heavily wounded.
The ogre hits you with a +0 giant club!!
Ouch! That really hurt!
You die...

#.............
#..#+##.###+##
..# ###. #.#
..# ..# .. ..+
.. ยง#.# .# .#
#.(###+###[#
#(.(.(.O@..#
#..[...#####
#######


You could see an ogre (poisoned).

Vanquished Creatures
  Natasha (D:3)
  A worker ant (D:4)
  An adder (D:3)
  2 oozes
  5 dart slugs
  4 worms
  A leopard gecko (D:3)
  7 bats
  2 giant cockroaches
  11 goblins
  2 hobgoblins
  6 jackals
  8 kobolds
  2 quokkas
  5 frilled lizards
  10 rats
68 creatures vanquished.

Notes
Turn   | Place    | Note
-------+----------+-------------------------------------------
     0 | D:1      | Chiseanne the Demonspawn Wanderer began the quest for the
                  | Orb.
     0 | D:1      | Chiseanne set off with the following items: a +2 dagger, a
                  | potion of berserk rage, a scroll of teleportation, a +0
                  | robe; and the following spells available to memorise:
                  | Passwall, Wereblood
     0 | D:1      | Reached XP level 1. HP: 15/15 MP: 3/3
   317 | D:1      | Reached skill level 1 in Dodging
   317 | D:1      | Gained mutation: You are partially covered in large bone
                  | plates. (SH +4) [demonic ancestry]
   317 | D:1      | Reached XP level 2. HP: 18/22 MP: 5/5
   473 | D:1      | Reached skill level 2 in Fighting
   782 | D:1      | Reached XP level 3. HP: 26/27 MP: 6/6
  1622 | D:2      | Gained mutation: You may rarely emit foul miasma when
                  | damaged in melee. [demonic ancestry]
  1622 | D:2      | Reached XP level 4. HP: 34/34 MP: 7/7
  2780 | D:4      | Noticed Natasha
  2813 | D:3      | Killed Natasha
  2814 | D:3      | Reached skill level 3 in Fighting
  2885 | D:3      | Noticed Natasha
  2900 | D:4      | Noticed an ogre
  2915 | D:4      | Noticed a phantom
  2920 | D:4      | Reached XP level 5. HP: 9/41 MP: 8/8
  3166 | D:4      | Slain by an ogre

Illustrated notes

Levels and vault maps discovered:
D:1:      dpeg_arrival_chambers_temple_mockup, layout_basic
D:2:      layout_basic, kennysheep_generic_room_6
D:3:      layout_rooms
D:4:      layout_gridville, lemuel_doored_altar, serial_shops,
          nicolae_shop_behind_doors, uniq_natasha

Skill      XL: |  1  2  3  4 |
---------------+-------------+-----
Dodging        | 1 2 |  2.5
Fighting       | 2 3 |  3.1
Armour         | 2 |  2.3
Crossbows      | |  1.0
Stealth        | |  1.7
Spellcasting   | |  2.0
Summonings     | |  2.0
Fire Magic     | |  1.0

Action                   |  1- 3 |  4- 6 || total
-------------------------+-------+-------++-------
Melee: Dagger            |   177 |   109 ||   286
Throw: Dart              |       |     5 ||     5
  Use: Potion            |     1 |     5 ||     6
       Scroll            |       |     1 ||     1
 Stab: Sleeping          |     3 |       ||     3
Armor: Robe              |     4 |       ||     4
       Scale mail        |    69 |    54 ||   123
Dodge: Dodged            |    92 |    64 ||   156
Block: Other             |    29 |    26 ||    55

Table legend: (Time is in decaauts)
 A = Elapsed time spent in this place.
 B = Non-inter-level travel time spent in this place.
 C = Inter-level travel time spent in this place.
 D = Time resting spent in this place.
 E = Time spent auto-exploring this place.
 F = Levels seen in this place.
 G = Mean time per level.
                   A        B        C        D        E       F      G
               +--------+--------+--------+--------+--------+-----+--------+
         Total |   3169 |   3095 |     74 |    468 |   2071 |   4 |  792.2 |
       Dungeon |   3169 |   3095 |     74 |    468 |   2071 |   4 |  792.2 |
               +--------+--------+--------+--------+--------+-----+--------+

Top non-repeatable levels by time:
     D:2: 1183 daAuts
     D:1: 904 daAuts
     D:3: 786 daAuts
     D:4: 295 daAuts
